Map: Abyssal Reef LE

Players

Pop

  • Race: Zerg Zerg
  • League: Master
  • Spawn Location: 11:00

PiG - Winner!

  • Race: Terran Terran
  • League: Grandmaster
  • Spawn Location: 5:00

VOD

https://www.youtube.com/watch?v=nSiVkCOMCwQ

Description

Time

  • Played on: June 6, 2017, 9:02 p.m.
  • Length: 17:57
Show
View Real Time Build Order
Export as new Build Order

Pop Zerg 

Build Orders: Hatch First, Muta Ling Bane 

Get SALT Encoding   

  12  0:00  Drone  
  13  0:12  Overlord  
  13  0:17  Drone  
  14  0:31  Drone  
  14  0:32  Drone  
  14  0:34  Drone  
  17  0:52  Hatchery  
  17  0:55  Drone  
  17  0:58  Drone  
  18  1:09  Extractor  
  17  1:13  Spawning Pool  
  17  1:16  Drone  
  17  1:19  Drone  
  18  1:28  Drone  
  19  1:41  Overlord  
  19  2:00  Queen  
  22  2:01  Zergling x4  
  22  2:04  Queen  
  22  2:05  Drone  
  26  2:14  Drone  
  26  2:15  Metabolic Boost  
  27  2:17  Drone  
  28  2:26  Drone  
  28  2:28  Drone  
  30  2:33  Drone  
  31  2:41  Queen  
  33  2:44  Drone  
  34  2:54  Hatchery  
  33  2:58  Drone x2  
  33  3:03  Overlord  
  35  3:06  Overlord  
  35  3:22  Drone  
  35  3:26  Drone  
  35  3:27  Drone x2  
  39  3:31  Drone x3  
  39  3:32  Drone  
  43  3:38  Drone  
  43  3:43  Zergling x2  
  43  3:44  Baneling Nest  
  42  3:50  Evolution Chamber, Drone x2  
  42  3:51  Drone  
  42  3:53  Evolution Chamber  
  43  3:56  Lair  
  43  3:57  Overlord  
  43  3:59  Drone  
  43  4:01  Overlord  
  44  4:10  Queen  
  44  4:12  Drone  
  47  4:17  Zerg Ground Armor Level 1  
  47  4:18  Zergling x6  
  47  4:19  Drone  
  51  4:28  Baneling x2, Extractor  
  51  4:29  Zergling x2  
  51  4:30  Zergling x4, Spore Crawler  
  52  4:34  Drone  
  52  4:35  Drone  
  52  4:38  Extractor  
  53  4:41  Zergling x2  
  55  4:50  Drone  
  55  4:51  Drone  
  57  4:54  Zergling x6  
  57  4:55  Zergling x4  
  57  4:56  Extractor  
  57  4:58  Drone x2  
  57  4:59  Extractor  
  62  5:13  Drone x2  
  64  5:14  Drone  
  64  5:18  Spore Crawler  
  63  5:22  Drone  
  63  5:23  Drone x2  
  57  5:36  Zergling x8  
  57  5:40  Drone  
  57  5:41  Spire, Drone x4  
  62  5:44  Drone  
  62  5:45  Drone x2  
  65  5:55  Overlord x2  
  65  6:11  Centrifical Hooks  
  65  6:15  Drone x4  
  65  6:16  Drone x3  
  65  6:18  Drone x5  
  77  6:32  Zergling x2  
  77  6:33  Zergling x6  
  77  6:34  Zergling x2  
  77  6:35  Baneling x7  
  77  6:36  Baneling  
  81  6:40  Zergling x4  
  81  6:43  Zergling x2  
  81  6:46  Zergling x2  
  81  6:51  Overlord x2  
  81  6:52  Overlord  
  81  7:00  Zergling x2  
  73  7:21  Zergling x8  
  73  7:22  Zergling x6  
  75  7:23  Zergling x12  
  75  7:24  Mutalisk x2  
  83  7:32  Baneling x2  
  83  7:33  Baneling x3  
  83  7:34  Zergling x2  
  83  7:35  Mutalisk  
  84  7:39  Mutalisk  
  81  7:46  Zergling x2, Mutalisk  
  81  7:47  Overlord  
  81  7:50  Extractor  
  82  7:51  Extractor  
  82  7:56  Zerg Melee Weapons Level 1  
  82  7:58  Hatchery  
  69  7:59  Mutalisk x4  
  69  8:00  Mutalisk  
  69  8:04  Zergling x4  
  69  8:05  Zergling x4  
  79  8:10  Queen  
  80  8:15  Evolution Chamber  
  80  8:16  Baneling Nest  
  80  8:17  Zergling x2  
  80  8:18  Zergling x4  
  80  8:19  Zergling x4  
  83  8:21  Zergling x2  
  84  8:30  Zergling x4  
  84  8:31  Zergling x4, Mutalisk  
  90  8:37  Zergling x8  
  94  8:48  Zergling x2  
  95  8:52  Zergling x2, Mutalisk  
  98  8:56  Zerg Flyer Armor Level 1  
  98  8:57  Overlord x2  
  98  8:58  Overlord  
  98  9:04  Overlord x3  
  98  9:12  Baneling x2  
  98  9:13  Baneling x7  
  98  9:15  Overlord  
  98  9:17  Zergling x4  
  98  9:18  Drone  
  98  9:19  Drone x2  
  98  9:21  Drone x2  
  98  9:22  Drone  
  98  9:23  Drone  
  107  9:25  Baneling x2  
  107  9:27  Baneling x2  
  107  9:28  Baneling  
  97  9:39  Zergling x6  
  97  9:42  Corruptor  
  102  9:48  Zergling x4  
  102  9:49  Drone x2  
  102  9:51  Drone x3  
  109  9:54  Drone, Queen  
  112  10:05  Baneling  
  112  10:06  Baneling x7  
  106  10:09  Zergling x6  
  109  10:14  Zergling x2  
  109  10:15  Zergling x6  
  109  10:16  Zergling x6  
  109  10:17  Zergling x4  
  118  10:22  Zergling x4  
  118  10:23  Zergling x2  
  118  10:24  Zergling x4  
  118  10:26  Zergling x2  
  119  10:50  Zergling x6  
  119  10:51  Zergling x6  
  97  11:20  Zergling x6, Mutalisk  
  97  11:21  Mutalisk x2  
  97  11:22  Zergling x8  
  97  11:23  Zergling x6  
  99  11:31  Zerg Flyer Weapons Level 1  
  99  11:32  Infestation Pit, Queen  
  100  11:33  Drone  
  100  11:34  Drone x3  
  100  11:39  Overlord  
  101  11:53  Zergling x2  
  101  11:54  Zergling x2  
  101  11:58  Drone x3  
  101  11:59  Drone x2  
  101  12:00  Drone x2  
  101  12:01  Drone  
  109  12:04  Extractor  
  109  12:05  Zergling x6  
  109  12:06  Extractor  
  109  12:14  Zergling x2  
  109  12:15  Hive  
  109  12:16  Zergling x2  
  109  12:18  Zerg Ground Armor Level 2  
  109  12:19  Evolution Chamber  
  109  12:20  Baneling Nest  
  104  12:23  Zergling x2  
  104  12:26  Drone  
  104  12:27  Drone x3  
  104  12:28  Drone x2  
  110  12:38  Zergling x6  
  110  12:39  Zergling x4  
  110  12:40  Zergling x2  
  115  12:48  Zergling x2  
  116  12:52  Zergling x2  
  117  13:00  Zergling x4  
  117  13:01  Zergling x4  
  117  13:02  Zergling x4, Zerg Melee Weapons Level 2  
  117  13:04  Baneling  
  117  13:05  Baneling x25  
  118  13:09  Zergling x4  
  118  13:10  Zergling x2  
  118  13:11  Zergling x2  
  120  13:13  Zergling x8  
  120  13:14  Drone x2  
  120  13:15  Drone x3  
  120  13:16  Drone  
  130  13:20  Baneling x2  
  130  13:26  Hatchery  
  125  13:46  Drone x4  
  120  14:06  Adrenal Glands  
  120  14:09  Ultralisk Cavern  
  113  14:13  Zergling x2  
  113  14:14  Zergling x6  
  115  14:17  Zergling x2  
  115  14:18  Zergling x8  
  120  14:24  Zergling x4  
  120  14:25  Zergling x4  
  120  14:27  Zergling x6  
  127  14:42  Baneling x6  
  127  14:51  Hatchery  
  125  14:58  Chitinous Plating, Hatchery  
  125  14:59  Ultralisk x2  
  148  15:00  Ultralisk x3  
  148  15:01  Ultralisk  
  123  15:26  Baneling  
  111  15:34  Ultralisk x2  
  90  15:47  Ultralisk  
  90  15:49  Zergling x10  
  76  15:53  Zergling x2  
  65  16:03  Zergling x4  
  67  16:05  Zergling x2  
  67  16:09  Zergling x2  
  63  16:23  Zergling x4  
  56  16:40  Overseer  
  56  16:49  Ultralisk  
  62  17:08  Ultralisk  
  68  17:11  Ultralisk  
Show
View Real Time Build Order
Export as new Build Order

PiG Terran - Winner!

Build Orders: Liberator Opening, Reaper Expand, Bio Tank 

Get SALT Encoding   

  12  0:01  SCV  
  13  0:13  SCV  
  14  0:17  Supply Depot  
  14  0:25  SCV  
  15  0:38  SCV  
  15  0:40  Barracks  
  16  0:46  Refinery  
  16  0:50  SCV  
  17  1:03  SCV  
  18  1:15  SCV  
  19  1:27  Orbital Command  
  19  1:29  Reaper  
  20  1:42  Command Center  
  20  1:53  SCV  
  21  1:57  Supply Depot  
  22  2:03  Refinery  
  22  2:04  Marine  
  22  2:07  SCV  
  23  2:17  Factory  
  23  2:23  SCV  
  23  2:26  Barracks Reactor  
  24  2:36  SCV  
  25  2:48  SCV  
  26  2:54  Orbital Command  
  26  3:00  SCV  
  27  3:10  Starport  
  27  3:14  Hellion x2  
  27  3:17  SCV  
  32  3:26  SCV  
  33  3:32  Liberator, SCV  
  33  3:35  Hellion  
  35  3:43  SCV  
  35  3:44  Barracks Tech Lab  
  35  3:46  Barracks  
  36  3:51  SCV  
  40  3:56  Supply Depot  
  40  4:10  SCV x2  
  40  4:13  Siege Tank, Refinery, Marine  
  46  4:18  Supply Depot  
  46  4:23  SCV  
  47  4:26  Marine  
  47  4:30  Barracks, SCV  
  49  4:43  SCV  
  49  4:44  Barracks Tech Lab, SCV  
  49  4:45  Marine x2  
  53  4:46  Siege Tank  
  53  4:50  Supply Depot  
  56  4:56  SCV  
  56  4:57  Supply Depot  
  56  4:59  SCV  
  58  5:03  Marine x2, Stimpack  
  60  5:08  SCV  
  60  5:12  SCV  
  62  5:20  SCV  
  63  5:24  SCV, Marine x2  
  65  5:32  SCV  
  65  5:36  SCV  
  65  5:41  Siege Tank, Marine x2, Medivac  
  70  5:43  Marine  
  70  5:44  SCV, Marine  
  70  5:48  SCV  
  74  5:52  Supply Depot  
  74  5:54  Supply Depot  
  74  5:55  Engineering Bay  
  74  5:56  SCV  
  75  6:02  Marine  
  77  6:07  Barracks Reactor  
  77  6:09  SCV  
  77  6:13  Medivac  
  77  6:17  Siege Tank  
  82  6:25  Marine x2  
  83  6:38  Marine  
  80  6:41  SCV  
  80  6:43  Marine, Medivac  
  80  6:45  Marine  
  84  6:48  Marine x2  
  86  6:55  Marine, Command Center  
  86  7:01  Marine  
  87  7:03  Marine  
  87  7:04  Barracks x2, Combat Shields  
  87  7:06  Marine  
  90  7:10  Marine  
  90  7:13  Marine  
  80  7:19  Marine  
  79  7:25  Marine x2  
  79  7:28  Marine  
  82  7:33  Marine  
  82  7:36  Marine  
  83  7:41  Siege Tank  
  83  7:43  Marine x2  
  91  7:46  Marine  
  91  7:50  SCV, Marine  
  94  7:51  Starport Reactor  
  94  7:53  Supply Depot x2  
  94  7:54  Marine  
  94  7:55  Armory  
  94  7:56  Engineering Bay, Terran Infantry Weapons Level 1, Marine x2  
  88  8:00  Marine  
  86  8:11  Marine x2  
  86  8:12  Marine  
  86  8:13  Missile Turret  
  86  8:17  Missile Turret  
  86  8:19  Barracks Reactor x2  
  86  8:21  Missile Turret, Marine x2  
  86  8:24  Terran Infantry Armor Level 1  
  86  8:25  SCV  
  89  8:29  Marine x3  
  92  8:38  Marine  
  92  8:39  Marine  
  94  8:42  Orbital Command  
  94  8:43  SCV x2  
  96  8:53  Missile Turret  
  96  8:57  Marine x2  
  96  8:58  Marine x2  
  96  8:59  Siege Tank, Marine, Medivac  
  96  9:02  Supply Depot, Marine x2  
  108  9:04  Supply Depot  
  108  9:05  Concussive Shells  
  108  9:08  SCV x2  
  108  9:09  SCV  
  111  9:16  Missile Turret  
  111  9:18  Missile Turret  
  111  9:19  Marine  
  111  9:20  SCV x2  
  114  9:24  Marine x2  
  114  9:25  SCV  
  114  9:30  Marine x2  
  119  9:32  SCV  
  119  9:37  Marine x2  
  118  9:46  SCV  
  118  9:47  Refinery  
  118  9:48  Refinery, Marine x3  
  118  9:49  Marine x2  
  124  10:01  Marine x2  
  124  10:02  Marine  
  125  10:11  Marine x2  
  125  10:12  Siege Tank, Medivac x2  
  125  10:13  SCV x3  
  137  10:14  Marine  
  137  10:16  Terran Infantry Weapons Level 2  
  138  10:26  Supply Depot x2  
  138  10:44  Marine x2  
  138  10:45  Marine  
  137  10:50  Marine  
  137  10:51  Marine  
  137  10:52  Siege Tank  
  137  10:53  Marine x4  
  144  11:02  Marine x2  
  144  11:03  Marine  
  133  11:08  Marine x2  
  133  11:11  Marine x4  
  129  11:19  Marine  
  129  11:20  Marine  
  129  11:21  Marine  
  129  11:23  Widow Mine  
  116  11:26  Marine x2  
  116  11:29  Marine x3  
  116  11:30  Marauder  
  118  11:36  Command Center  
  110  11:40  Marine x2  
  111  11:49  Marine  
  111  11:51  Marauder, Marine  
  111  11:52  Marine x4, Widow Mine  
  111  11:54  Terran Infantry Armor Level 2  
  120  11:57  Marine  
  120  11:58  Marine  
  120  11:59  Missile Turret  
  120  12:00  Medivac  
  124  12:07  Marine  
  125  12:09  Marine  
  125  12:12  Marauder  
  125  12:13  Marine  
  126  12:21  Marine x3  
  122  12:22  Siege Tank  
  122  12:23  Marine, Medivac  
  122  12:26  Marine x2  
  122  12:27  Marine  
  128  12:31  Marine  
  128  12:34  Marauder  
  131  12:39  Marine x3  
  131  12:41  Marine  
  135  12:44  Marine  
  135  12:45  Marine x2  
  135  12:46  Medivac  
  135  12:49  Marine  
  141  12:53  Medivac  
  141  12:54  Siege Tank  
  141  12:55  Marauder  
  141  12:57  Marine x3  
  151  12:58  Planetary Fortress, Marine  
  151  13:02  Marine  
  153  13:06  Barracks x2  
  153  13:09  Marine  
  154  13:16  Marauder, Marine  
  154  13:17  Marine x5  
  162  13:20  Marine  
  162  13:24  Supply Depot  
  162  13:25  Supply Depot  
  162  13:27  Marine  
  163  13:34  Marine  
  163  13:38  Marauder  
  165  13:54  Marine x3  
  165  13:55  Marine x5  
  170  13:59  Marauder  
  166  14:12  Marine x3  
  166  14:13  Marine x2  
  166  14:16  Marine x3  
  169  14:21  Marauder  
  169  14:22  Barracks Tech Lab x2  
  167  14:26  Barracks, Starport  
  167  14:29  Marine  
  167  14:30  Marine  
  168  14:36  Command Center  
  168  14:42  Marauder  
  170  14:46  Medivac x2  
  170  14:47  Siege Tank  
  170  14:51  Marine  
  174  14:56  Marine  
  173  15:03  Marauder  
  155  15:14  Marine  
  155  15:20  Marine x3  
  154  15:24  Marine  
  154  15:25  Marauder  
  154  15:26  Marine x2  
  157  15:32  Liberator x2  
  153  15:39  Marine x2  
  153  15:40  Marine  
  156  15:46  Marauder  
  156  15:47  Marine  
  156  15:48  Marine x2  
  135  15:56  Marine x2  
  132  15:57  Siege Tank, Marine  
  132  16:00  Planetary Fortress  
  136  16:07  Marine x3  
  136  16:08  Marauder  
  136  16:15  Liberator  
  133  16:29  Marauder, Marine  
  133  16:32  Medivac  
  132  16:44  Marine  
  129  16:47  Marine x2  
  129  16:50  Marauder  
  129  16:51  Starport Reactor  
  129  16:54  Barracks Tech Lab  
  130  17:02  Medivac  
  130  17:04  Marauder  
  134  17:09  Refinery  
  134  17:10  Marauder, Marine x5  
  134  17:12  Marauder  
  146  17:17  Refinery  
  139  17:26  Marauder  
  132  17:31  Marauder  
  132  17:33  Marauder  
Tags
 
Add a new tag
Caveats
  • Supply blocks, unpowered buildings, or Contaminate may cause inaccurate times.
  • Supply counts are checked every 10 seconds.